 Dungeon Crawl Stone Soup version 0.28-a0-1415-g7c84da036a (webtiles) character file.

Game seed: 17733172617887116025

51 tilp the Chiller (level 3, 14/14 HPs)
             Began as a Felid Ice Elementalist on Jan 7, 2022.
             Quit the game on level 3 of the Dungeon.
             The game lasted 00:02:43 (2897 turns).

tilp the Chiller (Felid Ice Elementalist)           Turns: 2897, Time: 00:02:44

Health: 14/14      AC:  1    Str:  4    XL:     3   Next: 58%
Magic:  8/8        EV: 17    Int: 18    God:
Gold:   819        SH:  0    Dex: 16    Spells: 1/8 levels left
                                        Lives:  0   Deaths: 1

rFire   . . .      SeeInvis +   (weapon unavailable)
rCold   . . .      Faith    .   (shield unavailable)
rNeg    . . .      Spirit   .   (armour unavailable)
rPois   .          Reflect  .   (helmet unavailable)
rElec   .          Harm     .   (cloak unavailable)
rCorr   .          Rampage  .   (gloves unavailable)
Will    .....                   (boots unavailable)
Stlth   ++........              (no amulet)
HPRegen 0.04/turn               (no ring)
MPRegen 0.11/turn               (no ring)

@: quick
A: very small, claws 1, fangs 3, see invisible, speed 1, shaggy fur 1, stealthy
paws, no weapons or thrown items, no armour, multi-lived
a: no special abilities


You were on level 3 of the Dungeon.
You visited 1 branch of the dungeon, and saw 3 of its levels.

You collected 819 gold pieces.

Inventory:

Scrolls
 a - a scroll of identify {unknown}
 d - 3 scrolls of teleportation
 f - a scroll of enchant armour {unknown}
Potions
 b - 3 potions of curing {unknown}
 c - a potion of attraction {unknown}
 e - 2 potions of ambrosia {unknown}


   Skills:
 - Level 2.6 Dodging
 - Level 2.6 Stealth
 - Level 3.0 Spellcasting
 * Level 5.0 Ice Magic


You had one spell level left.
You knew the following spells:

 Your Spells              Type           Power      Damage    Failure   Level
a - Freeze                Ice            80%        1d9       1%          1
b - Frozen Ramparts       Ice            40%        1d6       6%          3
c - Ozocubu's Armour      Ice            20%        N/A       6%          3

Your spell library contained the following spells:

 Spells                   Type           Power      Damage    Failure   Level
 Blink                    Tloc           4%         N/A       24%         2
 Gell's Gravitas          Tloc           2%         N/A       43%         3
 Teleport Other           Tloc           2%         N/A       43%         3
 Hailstorm                Conj/Ice       11%        3d5       50%         4
 Manifold Assault         Tloc           2%         N/A       99%         5
 Dispersal                Tloc           1%         N/A       100%        6
 Storm Form               Tmut/Air       1%         N/A       100%        7


Dungeon Overview and Level Annotations

Branches:
Dungeon (3/15)

Altars:

Shops:
D:2 [


Innate Abilities, Weirdness & Mutations

You have sharp claws.
You have razor-sharp teeth.
You have supernaturally acute eyesight. (SInv)
You cover ground quickly. (Speed+)
You are covered in fur. (AC +1)
Your paws help you pounce on unaware monsters.
You are incapable of wielding weapons or throwing items.
You cannot wear armour.
You gain extra lives every three experience levels.


Message History

There is an open door here.
Casting: Freeze (safe; 2% risk of failure)
Confirm with . or Enter, or press ? or * to list all spells.
The spell is extremely dangerous to miscast (7% risk of failure)!
Continue anyway?
Casting: Frozen Ramparts (extremely dangerous; 7% risk of failure)
Press: ? - help, Dir - look around, f - activate An open door.
The walls around you are covered in ice.
The gnoll shouts!
The wall freezes the gnoll.
A gnoll comes into view. It is wielding a +0 halberd.
The wall freezes the gnoll.
The wall freezes the gnoll.
The gnoll barely misses you.
The wall freezes the gnoll.
You kill the gnoll!
The wall freezes the gnoll.
Training target 3.0 for Spellcasting reached!
Your Spellcasting skill increases to level 3!
The wall freezes the gnoll. x2
The wall freezes the gnoll.
The gnoll hits you with a +0 club.
The wall freezes the gnoll.
The gnoll completely misses you.
Unknown command.
The wall freezes the gnoll.
You kill the gnoll!
The wall freezes the gnoll.
The gnoll misses you.
Your Ice Magic skill increases to level 5!
Unknown command.
The wall freezes the gnoll.
The gnoll hits you from afar with a +0 halberd!
Ouch! That really hurt!
* * * LOW HITPOINT WARNING * * *
Unknown command.
The frozen ramparts melt away.
The gnoll hits you from afar with a +0 halberd!
Ouch! That really hurt!
You die...
You are now level 3!
You rejoin the land of the living...
Unknown command.
Are you sure you want to abandon this character and quit the game? (Confirm with "yes".)

#.# ... ########### #.#
#.........# #.### ##
#.#.####..#### #<#.###.#
#.#..........# #..#...##
#.#..###..##.# ##.#..8.⌠####
#.#.......##.####..#.8..###.##
#.#...##....÷...@..#...#_#⌠#.#
#.#.......##.####...#⌠#∩#...##
#.##..##.###.# #.....###..8.#
#........###.# ##...###⌠.8..##
####.........# ##.## ##...#.#
# ##......### #.# #.###.## #
##.####.# #.# ## #.# #
#...###.# ##'## #.# #
#.....#.### ##...## #.#


There were no monsters in sight!

Vanquished Creatures
  A hound (D:3)
  2 gnolls (D:3)
  An adder (D:2)
  5 ball pythons
  8 bats
  8 endoplasms
  A giant cockroach (D:2)
  6 goblins
  3 quokkas (D:1)
  4 frilled lizards
  4 kobolds
  5 rats
48 creatures vanquished.

Notes
Turn   | Place    | Note
-------+----------+-------------------------------------------
     0 | D:1      | tilp the Felid Ice Elementalist began the quest for the
                  | Orb.
     0 | D:1      | Reached XP level 1. HP: 7/7 MP: 4/4
   310 | D:1      | Reached XP level 2. HP: 9/11 MP: 1/6
   469 | D:1      | Reached skill level 4 in Ice Magic
  1165 | D:1      | Identified a scroll of acquirement
  1165 | D:1      | Acquired 726 gold pieces
  1327 | D:2      | Reached XP level 3. HP: 9/14 MP: 4/7
  1333 | D:2      | Learned a level 3 spell: Frozen Ramparts
  1977 | D:2      | Found Vecofup's Antique Armour Boutique.
  2538 | D:3      | Found a faded altar of an unknown god.
  2753 | D:3      | Reached XP level 4. HP: 18/18 MP: 2/9
  2757 | D:3      | Learned a level 3 spell: Ozocubu's Armour
  2895 | D:3      | Reached skill level 5 in Ice Magic
  2896 | D:3      | Mangled by a gnoll
  2897 | D:3      | Reached XP level 3. HP: -8/14 MP: 7/8
  2897 | D:3      | Quit the game

Illustrated notes

Levels and vault maps discovered:
D:1:      heliophobic_arrival_ceremonial_halls, layout_loops_ring,
          serial_forest, infiniplex_forest_end_1, infiniplex_forest_lined_2,
          infiniplex_forest_corner_1, infiniplex_forest_clump_long,
          infiniplex_forest_lined_room_2
D:2:      layout_loops_ring, serial_shops, nicolae_shop_crystal,
          hangedman_abyss_or_decor_stabs
D:3:      layout_loops_corners, shapermc_ecumenical_altar_venn

Skill      XL: |  1  2  3  4 |
---------------+-------------+-----
Ice Magic      | 4 5 |  5.0
Spellcasting   | 3 |  3.0
Dodging        | |  2.6
Stealth        | |  2.6

Action                   |  1- 3 |  4- 6 || total
-------------------------+-------+-------++-------
Melee: Unarmed           |    21 |     1 ||    22
       Bite              |     4 |       ||     4
 Cast: Freeze            |    55 |     1 ||    56
       Frozen Ramparts   |     3 |     1 ||     4
  Use: Scroll            |     6 |       ||     6
 Stab: Sleeping          |     5 |     1 ||     6
Armor: Skin              |    11 |       ||    11
Dodge: Dodged            |    56 |     4 ||    60

Table legend: (Time is in decaauts)
 A = Elapsed time spent in this place.
 B = Non-inter-level travel time spent in this place.
 C = Inter-level travel time spent in this place.
 D = Time resting spent in this place.
 E = Time spent auto-exploring this place.
 F = Levels seen in this place.
 G = Mean time per level.
                   A        B        C        D        E       F      G
               +--------+--------+--------+--------+--------+-----+--------+
         Total |   2616 |   2563 |     53 |    169 |   2099 |   3 |  872.0 |
       Dungeon |   2616 |   2563 |     53 |    169 |   2099 |   3 |  872.0 |
               +--------+--------+--------+--------+--------+-----+--------+

Top non-repeatable levels by time:
     D:1: 1196 daAuts
     D:2: 1103 daAuts
     D:3: 316 daAuts
